 Dungeon Crawl Stone Soup version 0.25.0-26-g0c896c7088 (webtiles) character file.

Game seed: 10820320980441421466

3406 protoss039 the Thaumaturge (level 9, -4/45 HPs)
             Began as a Deep Elf Earth Elementalist on June 30, 2020.
             Was a Follower of Vehumet.
             Slain by a wyvern (15 damage)
             ... on level 11 of the Dungeon.
             The game lasted 00:21:42 (9643 turns).

protoss039 the Thaumaturge (DEEE)                   Turns: 9643, Time: 00:21:43

Health: -4/45      AC:  9    Str:  5    XL:     9   Next: 75%
Magic:  27/27      EV: 12    Int: 24    God:    Vehumet [*.....]
Gold:   568        SH:  0    Dex: 15    Spells: 17/32 levels left

rFire    . . .     SeeInvis .   E - +2 dagger (venom)
rCold    . . .     Gourm    .   (no shield)
rNeg     . . .     Faith    .   u - +1 leather armour {rPois}
rPois    +         Spirit   .   e - +2 helmet
rElec    .         Reflect  .   p - +0 cloak
rCorr    .         Harm     .   (no gloves)
MR       .....                  k - +0 pair of boots
Stlth    ++........             i - amulet of regeneration
HPRegen  0.55/turn              (no ring)
MPRegen  0.20/turn              (no ring)

@: no status effects
A: no striking features
a: Renounce Religion


You were on level 11 of the Dungeon.
You worshipped Vehumet.
Vehumet was aware of your devotion.
You were not hungry.

You visited 2 branches of the dungeon, and saw 10 of its levels.

You collected 568 gold pieces.

Inventory:

Hand Weapons
 t - a +3 short sword
 E - a +2 dagger of venom (weapon)
Missiles
 b - 37 stones (quivered)
Armour
 e - a +2 helmet (worn)
 k - a +0 pair of boots (worn)
 p - a +0 cloak (worn)
 u - a +1 leather armour of poison resistance (worn)
 y - a scarf of invisibility
Jewellery
 i - an amulet of regeneration (around neck)
 l - an uncursed ring of flight {unknown}
 v - a +6 ring of strength {unknown}
 A - an uncursed amulet of magic regeneration {unknown}
 K - an uncursed ring of see invisible {unknown}
Wands
 h - a wand of flame (10)
 s - a wand of paralysis (18)
 B - a wand of clouds (1)
 C - a wand of acid (8)
 H - a wand of iceblast (7)
 I - a wand of random effects (10)
 L - a wand of polymorph (8)
Scrolls
 a - 2 scrolls of teleportation
 j - a scroll of enchant weapon {unknown}
 n - 4 scrolls of amnesia {unknown}
 o - 7 scrolls of remove curse
 q - a scroll of immolation {unknown}
 w - 3 scrolls of enchant armour
 x - a scroll of fear {unknown}
 F - a scroll of random uselessness {unknown}
 J - a scroll of magic mapping {unknown}
 M - 3 scrolls of identify
 O - a scroll of blinking {unknown}
 P - a scroll of summoning {unknown}
Potions
 c - 2 potions of flight
 f - 3 potions of curing
 g - 2 potions of invisibility
 m - 3 potions of might
 r - a potion of mutation
 z - a potion of resistance {unknown}
 D - 2 potions of brilliance {unknown}
 G - a potion of berserk rage {unknown}
Comestibles
 d - 12 rations
 N - 2 chunks of flesh


   Skills:
 + Level 2.1 Armour
 - Level 2.4 Dodging
 - Level 2.4 Stealth
 * Level 12.2 Spellcasting
 + Level 2.6 Conjurations
 + Level 1.1 Transmutations
 * Level 10.8 Earth Magic


You had 17 spell levels left.
You knew the following spells:

 Your Spells              Type           Power        Failure   Level  Hunger
a - Sandblast             Erth           ######       1%          1    None
b - Passwall              Tmut/Erth      #####...     1%          2    None
c - Stone Arrow           Conj/Erth      #####.       1%          3    None
d - Petrify               Tmut/Erth      #####...     6%          4    None
e - Lee's Rapid Deconstr  Erth           ######....   2%          5    ###....

Your spell library contained the following spells:

 Spells                   Type           Power        Failure   Level  Hunger
 Freeze                   Ice            ##..         7%          1    None


Dungeon Overview and Level Annotations

Branches:
Dungeon (8/15)             Temple (1/1) D:7            Lair (0/6) D:11

Altars:
Ashenzari
Cheibriados
Dithmenos
Elyvilon
Fedhas
Gozag
Hepliaklqana
Kikubaaqudgha
Makhleb
Nemelex Xobeh
Okawaru
Qazlal
Ru
Sif Muna
Trog
Uskayaw
Vehumet
Wu Jian
Xom
Yredelemnul
Zin
The Shining One

Shops:
D:5 =   D:6 %


Message History

* * * LOW HITPOINT WARNING * * *
The wolf howls!
The hound barks!
Unknown command.
Unknown command.
Unknown command.
The wolf barely misses you.
Okay, then.
The wolf bites you.
* * * LOW HITPOINT WARNING * * *
Unknown command.
Unknown command.
You feel better. The wolf barely misses you. The wyvern bites you!
* * * LOW HITPOINT WARNING * * *
The wolf bites you.
* * * LOW HITPOINT WARNING * * *
Unknown command.
Unknown command.
The wyvern closely misses you.
You feel better.
The phantom blinks!
The wyvern bites you!
You die...

..... +........#...#.
..<.<#+#........#.(.#.
.........W............
....H.................
....h................
#.§YY.............
##hhS.Y...........
###l##...Y.........
#.@.###.ooSo.......
#.......# ##...........
##....................#
###...................
.#..............$...
.....#...............
...#..#........(......
#.. #..................
##...........


You could see 2 yaks, a phantom, a water moccasin, a wyvern and 2 wolves.

Vanquished Creatures
  A hippogriff (D:8)
  A wyvern (D:8)
  Eustachio (D:5)
  Edmund (D:6)
  A sky beast (D:6)
  2 orc warriors
  A phantom (D:6)
  2 ogres (D:5)
  An ice beast (D:6)
  4 centaurs
  A gnoll sergeant (D:8)
  5 scorpions
  6 killer bees (D:8)
  A bullfrog zombie (D:5)
  3 jellies
  2 centaur zombies (D:5)
  3 hounds
  A bullfrog skeleton (D:4)
  6 orc priests
  10 orc wizards
  4 iguanas
  6 worker ants
  2 worker ant zombies (D:5)
  Robin (D:3)
  6 gnolls (D:8)
  9 adders
  3 shadow imps (D:5)
  An ooze (D:2)
  An adder zombie (D:5)
  4 worms
  A dart slug (D:4)
  7 leopard geckos
  17 orcs
  4 ball pythons
  3 giant cockroaches
  12 goblins
  11 hobgoblins
  9 jackals
  4 quokkas
  4 bats
  6 frilled lizards
  9 kobolds
  3 rats
180 creatures vanquished.

Notes
Turn   | Place    | Note
-------+----------+-------------------------------------------
     0 | D:1      | protoss039 the Deep Elf Earth Elementalist began the quest
                  | for the Orb.
     0 | D:1      | Reached XP level 1. HP: 10/10 MP: 6/6
   478 | D:1      | Reached XP level 2. HP: 14/15 MP: 1/8
  1337 | D:2      | Reached XP level 3. HP: 19/19 MP: 10/10
  1763 | D:2      | Reached skill level 4 in Spellcasting
  2256 | D:3      | Learned a level 2 spell: Passwall
  2260 | D:3      | Learned a level 3 spell: Stone Arrow
  2274 | D:3      | Reached XP level 4. HP: 24/24 MP: 10/12
  2390 | D:3      | Found a shadowy altar of Dithmenos.
  2392 | D:3      | Noticed Robin
  2422 | D:3      | Killed Robin
  2422 | D:3      | Reached skill level 5 in Earth Magic
  2878 | D:3      | Reached XP level 5. HP: 28/28 MP: 9/14
  3000 | D:3      | Reached skill level 5 in Spellcasting
  3201 | D:4      | Found an iron altar of Okawaru.
  3800 | D:4      | Reached skill level 6 in Spellcasting
  3800 | D:4      | Reached XP level 6. HP: 26/32 MP: 13/17
  3890 | D:4      | Found a sacrificial altar of Ru.
  4368 | D:5      | Entered Level 5 of the Dungeon
  4369 | D:5      | Found Foth's Jewellery Emporium.
  4913 | D:5      | Reached skill level 7 in Spellcasting
  4913 | D:5      | Reached XP level 7. HP: 36/36 MP: 10/19
  5040 | D:5      | Reached skill level 1 in Conjurations
  5368 | D:5      | Reached skill level 8 in Spellcasting
  5583 | D:5      | Noticed Eustachio
  5590 | D:5      | Learned a level 4 spell: Petrify
  5596 | D:5      | Learned a level 5 spell: Lee's Rapid Deconstruction
  5606 | D:5      | Killed Eustachio
  5606 | D:5      | Reached XP level 8. HP: 41/41 MP: 0/22
  5784 | D:5      | Reached skill level 1 in Armour
  5788 | D:5      | Noticed a troll
  6188 | D:6      | Reached skill level 9 in Spellcasting
  6322 | D:6      | Found Veum's Food Boutique.
  6331 | D:6      | Noticed Edmund
  6450 | D:6      | Killed Edmund
  6556 | D:6      | Reached skill level 10 in Spellcasting
  7109 | D:6      | Found a hazy altar of Hepliaklqana.
  7135 | D:6      | Found an opulent altar of Gozag.
  7135 | D:6      | Found an iron altar of Okawaru.
  7137 | D:6      | Found a shattered altar of Ashenzari.
  7138 | D:6      | Found a snail-covered altar of Cheibriados.
  7139 | D:6      | Found a stormy altar of Qazlal.
  7413 | D:7      | Found a staircase to the Ecumenical Temple.
  7460 | Temple   | Entered the Ecumenical Temple
  7705 | Temple   | Became a worshipper of Vehumet
  7798 | D:7      | Reached XP level 9. HP: 45/45 MP: 7/25
  8693 | D:8      | Reached skill level 11 in Spellcasting
  8852 | D:8      | Reached skill level 10 in Earth Magic
  9012 | D:8      | Reached * piety under Vehumet
  9012 | D:8      | Offered knowledge of Freeze by Vehumet.
  9351 | D:8      | Reached skill level 12 in Spellcasting
  9598 | D:8      | You fall into a shaft and drop 3 floors!
  9605 | D:11     | Found a staircase to the Lair.
  9605 | D:11     | Noticed a troll
  9605 | D:11     | Noticed a troll
  9607 | D:11     | Noticed a manticore
  9636 | D:11     | Noticed a manticore
  9641 | D:11     | HP: 2/45 [wolf (1)]
  9643 | D:11     | Slain by a wyvern

Illustrated notes

Levels and vault maps discovered:
D:1:      dpeg_arrival_line_fractal, layout_loops_ring, serial_bayou_ford_a
D:2:      layout_basic
D:3:      layout_rooms, nicolae_dithmenos_through_a_glass_darkly, first_ration,
          uniq_robin
D:4:      layout_loops_ring, nicolae_ru_awakened_eye, okawaru_trees_2
D:5:      layout_layer_cave, serial_shops, shop, kennysheep_generic_room_8,
          uniq_eustachio
D:6:      layout_loops_ring, minitemple, serial_shops, shop, uniq_edmund
D:7:      layout_layer_cave, temple_statues
D:8:      lemuel_ice_spiral_2, layout_basic
D:11:     layout_cave_pools, erik_lair_island, serial_shops,
          nicolae_shop_behind_doors, minmay_joined_circles
Temple:   minmay_temple_curvy_branch

Skill      XL: |  1  2  3  4  5  6  7  8  9 |
---------------+----------------------------+-----
Earth Magic    | 4 5 6 7 9 10 | 10.8
Spellcasting   | 4 6 7 8 10 12 | 12.2
Conjurations   | 1 2 |  2.6
Armour         | 1 2 |  2.1
Dodging        | |  2.4
Stealth        | |  2.4
Transmutations | |  1.1

Action                   |  1- 3 |  4- 6 |  7- 9 || total
-------------------------+-------+-------+-------++-------
Melee: Short sword       |    38 |    49 |       ||    87
       Dagger            |       |       |     9 ||     9
 Cast: Sandblast         |    40 |    71 |    86 ||   197
       Stone Arrow       |       |    20 |    71 ||    91
       Lee's Rapid Decon |       |       |    16 ||    16
  Use: Scroll            |       |       |    11 ||    11
       Potion            |       |       |     2 ||     2
 Stab: Sleeping          |     4 |     5 |     1 ||    10
  Eat: Chunk             |     4 |     9 |    17 ||    30
Armor: Robe              |     3 |       |       ||     3
       Leather armour    |     5 |    22 |    20 ||    47
Dodge: Dodged            |    30 |    43 |    42 ||   115
